 Dungeon Crawl Stone Soup version 0.20.1-1-g8b1a95d (webtiles) character file.

2211 veneficus the Spear-Bearer (level 9, -2/69 HPs)
             Began as a Merfolk Skald on Nov 2, 2017.
             Was an Initiate of Fedhas.
             Slain by a yak (13 damage)
             ... on level 7 of the Dungeon.
             The game lasted 00:30:34 (10740 turns).

veneficus the Spear-Bearer (Merfolk Skald)         Turns: 10740, Time: 00:30:35

Health: -2/69      AC:  7    Str: 11    XL:     9   Next: 35%
Magic:  0/16       EV: 16    Int: 14    God:    Fedhas [......]
Gold:   234        SH:  0    Dex: 15    Spells: 10/18 levels left

rFire    . . .     SeeInvis .   a - +0 spear
rCold    . . .     Gourm    .   (no shield)
rNeg     + . .     Faith    .   b - +0 leather armour
rPois    .         Spirit   .   (no helmet)
rElec    .         Reflect  .   (no cloak)
rCorr    .         Harm     .   f - +2 pair of gloves
MR       .....                  s - +0 pair of boots
Stlth    +.........             (no amulet)
Regen    0.3/turn               e - +3 ring of evasion
MPRegen  0.2/turn               C - ring of positive energy

@: infused (expiring), singing (expiring)
A: change form in water, swift swim, stealthy swim
a: Fungal Bloom, Renounce Religion


You were on level 7 of the Dungeon.
You worshipped Fedhas.
Fedhas was noncommittal.
You were not hungry.

You visited 2 branches of the dungeon, and saw 8 of its levels.

You collected 286 gold pieces.
You spent 52 gold pieces at shops.

Inventory:

Hand Weapons
 a - a +0 spear (weapon)
Armour
 b - a +0 leather armour (worn)
 f - a +2 pair of gloves (worn)
 s - a +0 pair of boots (worn)
Jewellery
 e - a +3 ring of evasion (left hand)
 j - an uncursed ring of wizardry
 C - a ring of positive energy (right hand)
Wands
 w - a wand of flame (22/48)
 z - a wand of flame (27/48)
Scrolls
 g - a scroll of enchant armour
 i - a scroll of magic mapping
 l - 5 scrolls of teleportation
 m - 2 scrolls of enchant weapon {unknown}
 n - 3 scrolls of recharging
 o - 3 scrolls of fear {unknown}
 v - 3 scrolls of identify
 x - a scroll of random uselessness {unknown}
 y - 2 scrolls of remove curse
Potions
 k - a potion of resistance
 p - a potion of curing
 q - 2 potions of haste
 r - 2 potions of heal wounds
 u - a potion of cancellation
 A - a potion of berserk rage
Books
 c - a book of Battle

   Spells                             Type                      Level
   a - Infusion                       Charms                       1
   b - Shroud of Golubria             Charms/Translocation         2
   c - Song of Slaying                Charms                       2
   d - Spectral Weapon                Hexes/Charms                 3
   e - Regeneration                   Charms/Necromancy            3
Comestibles
 d - 7 bread rations
 h - 3 royal jellies
 t - a meat ration


   Skills:
 + Level 6.1 Fighting
 - Level 11.3 Polearms
 + Level 1.8 Armour
 + Level 4.0 Dodging
 + Level 5.0 Spellcasting
 - Level 5.9 Charms


You had 10 spell levels left.
You knew the following spells:

 Your Spells              Type           Power        Failure   Level  Hunger
a - Infusion              Chrm           ###.         1%          1    None
b - Song of Slaying       Chrm           ###.....     3%          2    ##.....
c - Shroud of Golubria    Chrm/Tloc      ##........   10%         2    ##.....
d - Regeneration          Chrm/Necr      ##........   21%         3    ###....


Dungeon Overview and Level Annotations

Branches:
Dungeon (7/15)             Temple (1/1) D:7

Altars:
Cheibriados
Fedhas
Gozag
Hepliaklqana
Kikubaaqudgha
Makhleb
Nemelex Xobeh
Okawaru
Qazlal
Sif Muna
Trog
Uskayaw
Xom
Yredelemnul
Zin
The Shining One

Shops:
D:5 *   D:7 :


Message History

Confirm with . or Enter, or press ? or * to list all spells.
Okay, then.
You hit the yak but do no damage.
The yak is severely wounded.
You hit the yak.
The yak is severely wounded.
The yak gores you.
* * * LOW HITPOINT WARNING * * *
You barely miss the yak.
The yak is severely wounded.
You closely miss the yak.
The yak is severely wounded.
The yak misses you.
You hit the yak.
The yak is almost dead.
You hit the yak.
The yak is almost dead.
The yak gores you!
You die...
Fedhas appreciates your contribution to the ecosystem.

###..# ##.#.. #.>.## #..##
#.### ##.# ..# #...# #.# #...
#.((# #.## ###..######
####.(.######..# ..........##
##..........###.#
...........###..⌠(.>..⌠...##.#
...........YY@..........#....#
............######...######..#
............# #.⌠.# ####
<..!........# #...#
............# #####
............# ...........##
....#.....## ###########


You could see 2 yaks.

Vanquished Creatures
  3 yaks (D:7)
  A water moccasin (D:6)
  An orc warrior (D:6)
  2 sky beasts
  3 ice beasts
  An ogre (D:5)
  2 centaurs
  A bullfrog (D:6)
  A crimson imp (D:6)
  A howler monkey (D:5)
  A hound (D:7)
  A quasit (D:6)
  2 orc priests (D:4)
  6 orc wizards
  A centaur skeleton (D:6)
  An iguana (D:4)
  Terence (D:2)
  4 worker ants
  A killer bee zombie (D:5)
  A hound skeleton (D:4)
  A howler monkey skeleton (D:6)
  A worker ant zombie (D:6)
  3 gnolls (D:6)
  7 adders
  A shadow imp (D:6)
  An adder zombie (D:5)
  2 adder skeletons
  2 worms (D:3)
  2 dart slugs
  4 leopard geckos
  22 orcs
  2 ball pythons
  6 giant cockroaches
  10 goblins
  8 hobgoblins
  13 jackals
  3 quokkas
  8 bats
  8 frilled lizards
  7 kobolds
  A leopard gecko skeleton (D:4)
  6 rats
153 creatures vanquished.

Notes
Turn   | Place    | Note
-------+----------+-------------------------------------------
     0 | D:1      | veneficus the Merfolk Skald began the quest for the Orb.
     0 | D:1      | Reached XP level 1. HP: 16/16 MP: 3/3
   205 | D:1      | Reached XP level 2. HP: 22/22 MP: 5/5
   567 | D:1      | Learned a level 2 spell: Song of Slaying
   742 | D:1      | Reached XP level 3. HP: 27/27 MP: 6/6
   863 | D:1      | Reached skill level 4 in Polearms
  1629 | D:1      | Learned a level 2 spell: Shroud of Golubria
  1749 | D:2      | Noticed Terence
  1773 | D:2      | Killed Terence
  1773 | D:2      | Reached XP level 4. HP: 10/33 MP: 2/7
  2303 | D:2      | Reached skill level 5 in Polearms
  3371 | D:3      | Reached XP level 5. HP: 38/38 MP: 8/8
  3388 | D:3      | Reached skill level 5 in Charms
  4297 | D:4      | Reached skill level 6 in Polearms
  4697 | D:4      | Reached XP level 6. HP: 28/44 MP: 1/9
  5168 | D:4      | Reached skill level 7 in Polearms
  5625 | D:4      | Reached XP level 7. HP: 39/51 MP: 4/10
  5791 | D:4      | Reached skill level 8 in Polearms
  6101 | D:4      | Learned a level 3 spell: Regeneration
  6119 | D:5      | Entered Level 5 of the Dungeon
  6138 | D:5      | Found Goaron's General Store.
  6144 | D:5      | Bought a scroll of identify for 26 gold pieces
  6144 | D:5      | Bought a scroll of identify for 26 gold pieces
  6684 | D:5      | Reached skill level 9 in Polearms
  7250 | D:5      | Reached XP level 8. HP: 13/60 MP: 4/13
  8056 | D:6      | Found a shimmering altar of Xom.
  8061 | D:6      | Found a glowing silver altar of Zin.
  8066 | D:6      | Found a glowing golden altar of the Shining One.
  8071 | D:6      | Found an iron altar of Okawaru.
  8221 | D:6      | Found a basalt altar of Yredelemnul.
  8227 | D:6      | Found an opulent altar of Gozag.
  8232 | D:6      | Found a stormy altar of Qazlal.
  8242 | D:6      | Reached skill level 10 in Polearms
  9038 | D:6      | Reached skill level 5 in Fighting
  9379 | D:6      | Reached skill level 11 in Polearms
 10093 | D:7      | Found Moxigh's Book Shoppe.
 10115 | D:7      | Reached XP level 9. HP: 65/68 MP: 15/15
 10491 | D:7      | Found a stormy altar of Qazlal.
 10571 | D:7      | Found a staircase to the Ecumenical Temple.
 10590 | D:7      | Reached skill level 1 in Armour
 10600 | Temple   | Entered the Ecumenical Temple
 10613 | Temple   | Became a worshipper of Fedhas Madash
 10719 | D:7      | Reached skill level 5 in Spellcasting
 10740 | D:7      | Slain by a yak

Skill      XL: |  1  2  3  4  5  6  7  8  9 |
---------------+----------------------------+-----
Charms         | 4 5 |  5.9
Polearms       | 4 5 6 7 9 11 | 11.3
Fighting       | 4 5 6 |  6.1
Spellcasting   | 3 4 5 |  5.0
Armour         | 1 |  1.8
Dodging        | 4 |  4.0

Action                   |  1- 3 |  4- 6 |  7- 9 || total
-------------------------+-------+-------+-------++-------
Melee: Spear             |   117 |   324 |   459 ||   900
 Cast: Infusion          |     6 |    13 |    22 ||    41
       Song of Slaying   |     2 |     4 |     4 ||    10
       Shroud of Golubri |       |       |     9 ||     9
       Regeneration      |       |       |     1 ||     1
Evoke: Wand              |       |       |     2 ||     2
  Use: Potion            |       |     2 |       ||     2
       Scroll            |       |     4 |     6 ||    10
 Stab: Sleeping          |     2 |     1 |     1 ||     4
  Eat: Chunk             |     3 |    12 |    13 ||    28
       Meat ration       |       |       |     1 ||     1
Armor: Leather armour    |    16 |    52 |    58 ||   126
Dodge: Dodged            |    47 |   130 |   183 ||   360
